 Dungeon Crawl Stone Soup version 0.19.1 (webtiles) character file.

208 JeffiDaFish the Shield-Bearer (level 5, -9/33 HPs)
             Began as a Gargoyle Fighter on Dec 19, 2016.
             Killed by divine providence
             ... invoked by an orc priest
              (16 damage)
             ... on level 3 of the Dungeon.
             The game lasted 00:04:58 (2652 turns).

JeffiDaFish the Shield-Bearer (Gargoyle Fighter)    Turns: 2652, Time: 00:05:00

Health: -9/33      AC: 13    Str: 25    XL:     5   Next: 86%
Magic:  5/5        EV:  8    Int:  8    God:
Gold:   41         SH: 10    Dex: 10    Spells: 0 memorised, 4 levels left

rFire  . . .     SeeInvis +     a - +0 flail
rCold  + . .     Gourm    .     b - +0 scale mail
rNeg   + . .     Faith    .     c - +0 shield
rPois  ∞         Spirit   .     k - +1 helmet
rElec  +         Reflect  .     (no cloak)
rCorr  .         Harm     .     (no gloves)
MR     .....                    (no boots)
Stlth  ..........               (no amulet)
                                l - ring of see invisible
                                e - ring of protection from cold

@: mighty
A: negative energy resistance 1, electricity resistance, unbreathing,
petrification resistance, rot immunity, AC +4
a: no special abilities


You were on level 3 of the Dungeon.
You were not hungry.

You visited 1 branch of the dungeon, and saw 3 of its levels.

You collected 41 gold pieces.

Inventory:

Hand Weapons
 a - a +0 flail (weapon)
Armour
 b - a +0 scale mail (worn)
 c - a +0 shield (worn)
 k - a +1 helmet (worn)
Jewellery
 e - a ring of protection from cold (left hand)
 l - a ring of see invisible (right hand)
Scrolls
 h - a scroll of identify
Comestibles
 f - a bread ration
 g - 3 chunks of flesh
 i - a slice of pizza
 j - 2 meat rations


   Skills:
 + Level 3.9 Fighting
 + Level 3.6 Maces & Flails
 + Level 4.1 Armour
 + Level 1.2 Dodging
 + Level 4.6 Shields


You had 4 spell levels left.
You didn't know any spells.

Dungeon Overview and Level Annotations

Branches:
Dungeon (3/15)

Altars:
Dithmenos
Uskayaw


Innate Abilities, Weirdness & Mutations

You are resistant to torment.
Your stone body is resilient. (AC +4)
You are immune to poison.
You resist negative energy. (rN+)
You are resistant to electric shocks. (rElec)
You can survive without breathing.
You are immune to petrification.
You are immune to rotting.


Message History

The orc wizard casts a spell at you. The puff of flame hits you!
You closely miss the orc wizard.
The orc priest invokes the aid of Beogh against you.
Beogh smites you!
You barely miss the orc wizard.
The orc priest calls down the wrath of Beogh upon you.
Beogh smites you!
* * * LOW HITPOINT WARNING * * *
The orc wizard points at you and mumbles some strange words.
The orc wizard appears confused.
You are too injured to fight recklessly!
You feel very mighty all of a sudden.
You sock the orc wizard!
The orc wizard is heavily wounded.
The orc wizard points at you and mumbles some strange words.
The magic dart hits you! You block the orc wizard's attack.
The orc priest invokes the aid of Beogh against you.
Beogh smites you!
You die...

##..#.##
#...#.##
#..###.## #.##
##.# #..###..#
..#.#.#.# #
.#.##.##.# .#.#
.###.#.##o#....#
.# #....@.o...#
#.####o#o?.##
#.# ..# .## #.#
.### # #. #. # #


You could see an orc priest and 3 orc wizards.

Vanquished Creatures
  An orc wizard (D:3)
  Terence (D:2)
  Robin (D:2)
  6 adders (D:2)
  3 worms (D:2)
  2 dart slugs (D:1)
  2 leopard geckos (D:1)
  3 orcs (D:3)
  A ball python (D:2)
  4 giant cockroaches
  23 goblins
  8 hobgoblins
  3 jackals (D:2)
  A kobold (D:1)
  4 bats
  5 frilled lizards
  8 rats
76 creatures vanquished.

Notes
Turn   | Place    | Note
-------+----------+-------------------------------------------
     0 | D:1      | JeffiDaFish the Gargoyle Fighter began the quest for the Orb.
     0 | D:1      | Reached XP level 1. HP: 14/14 MP: 1/1
   323 | D:1      | Reached XP level 2. HP: 19/19 MP: 2/2
   445 | D:1      | Reached XP level 3. HP: 3/23 MP: 3/3
  1238 | D:2      | Found a shadowy altar of Dithmenos.
  1396 | D:2      | Noticed Terence
  1416 | D:2      | Killed Terence
  1416 | D:2      | Reached XP level 4. HP: 25/28 MP: 4/4
  1527 | D:2      | Reached skill level 1 in Dodging
  1806 | D:2      | Noticed Robin
  1867 | D:2      | Reached XP level 5. HP: 27/33 MP: 5/5
  1908 | D:2      | Killed Robin
  2147 | D:2      | Found a hide-covered altar of Uskayaw.
  2652 | D:3      | Killed from afar by an orc priest

Skill      XL: |  1  2  3  4  5 |
---------------+----------------+-----
Shields        | 4 |  4.6
Maces & Flails | 3 |  3.6
Dodging        | 1 |  1.2
Armour         | 4 |  4.1
Fighting       | |  3.9

Action                   |  1- 3 |  4- 6 || total
-------------------------+-------+-------++-------
Melee: Flail             |   161 |   189 ||   350
  Use: Scroll            |     1 |     4 ||     5
       Potion            |       |     1 ||     1
  Eat: Chunk             |     2 |     4 ||     6
Armor: Scale mail        |   110 |    77 ||   187
Dodge: Dodged            |    66 |    67 ||   133
Block: Shield            |    94 |   109 ||   203
